AoeStats
← CalamarX

Oasis

509541323Analyzed
4v4 RM · 6d ago on Sep 27, 2026· 54m 34s· 8 players
Game mode
Random Map
Map size
Large (8 player)
Population
200
Speed
Normal
Resources
Standard
Victory
Conquest
Starting age
Dark Age
Ending age
Imperial Age
RankedLock teamsTeams togetherTeam positionsShared explorationLock speedFull tech treeHidden civsTurbo modeCheats
Victory
Defeat
🇲🇽 Bohemians · Mexico
1048
+15
🇻🇪 Bulgarians · Venezuela
1031
+16
🇦🇷 Goths · Argentina
1030
+16
🇵🇪 Spanish · Peru
1008
+17
🇬🇧 Slavs · United Kingdom
1163
-22
🇨🇳 Gurjaras · China
1010
-15
🇦🇺 Cumans · Australia
985
-14
🇫🇷 Mongols · France
957
-13
PointyRose6449
7:29 Loom
10:28 Feudal Age
15:50 Castle Age
14:56 Double-Bit Axe
18:15 Wheelbarrow
18:31 Horse Collar
19:48 Town Watch
21:25 Heavy Plow
27:16 Fletching
27:36 Forging
27:33 Town Patrol
27:48 Hand Cart
27:04 Pikeman
28:22 Scale Mail Armor
28:58 Iron Casting
29:05 Arson
29:21 Squires
30:35 Chain Mail Armor
31:36 Chemistry
31:56 Padded Archer Armor
31:51 Bodkin Arrow
32:40 Leather Archer Armor
35:57 Imperial Age
36:19 Ballistics
36:10 Masonry
35:56 Murder Holes
35:58 Halberdier
36:01 Houfnice
36:51 Wagenburg Tactics
38:56 Blast Furnace
37:57 Bracer
38:28 Ring Archer Armor
38:28 Plate Mail Armor
38:32 Architecture
39:29 Bow Saw
39:06 Elite Hussite Wagon
43:21 Siege Engineers
47:32 Hussite Reforms
CalamarX
0:27 Loom
11:12 Feudal Age
11:16 Man-at-Arms
14:17 Scale Mail Armor
19:09 Forging
24:30 Castle Age
24:57 Pikeman
48:46 Long Swordsman
52:32 Double-Bit Axe
52:33 Horse Collar
DesTajador
1:30 Loom
11:58 Feudal Age
17:29 Castle Age
18:35 Bloodlines
27:26 Town Watch
28:20 Wheelbarrow
28:43 Forging
30:50 Gold Mining
34:40 Double-Bit Axe
34:41 Horse Collar
38:24 Imperial Age
36:03 Fletching
36:15 Padded Archer Armor
36:21 Elite Skirmisher
37:17 Husbandry
37:35 Leather Archer Armor
38:05 Bodkin Arrow
39:11 Ballistics
40:48 Chemistry
41:23 Bracer
42:37 Cavalier
44:44 Murder Holes
46:36 Scale Barding Armor
47:42 Chain Barding Armor
50:02 Ring Archer Armor
50:52 Plate Barding Armor
luisfriasgomez
11:24 Feudal Age
13:39 Scale Mail Armor
13:51 Forging
22:34 Castle Age
20:55 Stone Mining
21:54 Gold Mining
22:14 Scale Barding Armor
24:10 Iron Casting
24:09 Double-Bit Axe
29:01 Bloodlines
29:42 Fletching
30:27 Husbandry
34:22 Horse Collar
40:25 Imperial Age
39:29 Chain Barding Armor
41:04 Bow Saw
41:35 Heavy Plow
43:39 Plate Barding Armor
43:53 Wheelbarrow
44:31 Chain Mail Armor
46:12 Plate Mail Armor
48:02 Murder Holes
48:44 Bodkin Arrow
Chianti | AwE
3:42 Loom
9:41 Feudal Age
14:45 Forging
14:40 Scale Barding Armor
17:54 Wheelbarrow
21:46 Castle Age
19:41 Horse Collar
20:06 Double-Bit Axe
21:07 Bloodlines
21:04 Scale Barding Armor
21:48 Light Cavalry
22:29 Husbandry
23:34 Iron Casting
28:32 Bow Saw
28:31 Heavy Plow
30:40 Hand Cart
32:04 Stone Mining
38:28 Imperial Age
37:20 Scale Mail Armor
36:45 Pikeman
37:25 Squires
38:26 Chain Mail Armor
38:33 Detinets
39:14 Druzhina
40:24 Blast Furnace
39:54 Plate Mail Armor
39:14 Halberdier
39:27 Man-at-Arms
39:42 Capped Ram
42:14 Two-Man Saw
41:48 Crop Rotation
41:19 Murder Holes
41:34 Masonry
41:09 Siege Ram
41:29 Long Swordsman
49:08 Siege Engineers
50:04 Chemistry
49:24 Ballistics
48:56 Fletching
51:35 Elite Boyar
52:36 Conscription
52:38 Chain Barding Armor
alex
7:13 Loom
10:26 Feudal Age
15:47 Double-Bit Axe
16:24 Bloodlines
18:55 Castle Age
18:59 Horse Collar
20:54 Stone Mining
25:54 Fletching
28:18 Gold Mining
29:33 Nomads
35:35 Imperial Age
35:48 Stone Shaft Mining
35:50 Bow Saw
36:13 Bodkin Arrow
36:19 Padded Archer Armor
37:09 Husbandry
38:12 Gold Shaft Mining
38:57 Bracer
39:12 Leather Archer Armor
40:55 Elite Mangudai
42:49 Chemistry
42:10 Ballistics
47:38 Conscription
DisWhey
8:56 Loom
11:00 Feudal Age
11:34 Double-Bit Axe
12:21 Horse Collar
19:32 Castle Age
20:31 Scale Barding Armor
21:38 Heavy Plow
23:15 Bloodlines
24:58 Chain Barding Armor
24:49 Forging
25:10 Light Cavalry
28:59 Capped Ram
31:23 Thumb Ring
32:28 Padded Archer Armor
32:51 Fletching
33:39 Bodkin Arrow
34:16 Bow Saw
38:32 Gold Mining
38:33 Stone Mining
38:49 Caravan
40:47 Leather Archer Armor
41:08 Iron Casting
41:35 Gold Shaft Mining
45:26 Imperial Age
43:32 Wheelbarrow
42:43 Town Watch
43:22 Ballistics
43:13 Masonry
42:59 Murder Holes
43:18 Steppe Husbandry
爱坚果
3:43 Loom
11:37 Feudal Age
12:21 Double-Bit Axe
16:15 Castle Age
14:31 Horse Collar
17:50 Wheelbarrow
27:26 Heavy Plow
29:54 Hand Cart
31:09 Gold Mining
34:17 Gold Shaft Mining
38:14 Imperial Age
36:25 Town Watch
36:55 Caravan
37:05 Kshatriyas
37:41 Stone Mining
38:26 Ballistics
39:26 Conscription
39:08 Husbandry
39:18 Bloodlines
39:41 Scale Barding Armor
39:47 Forging
39:28 Fletching
39:12 Light Cavalry
39:40 Elite Shrivamsha Rider
Connection lost

Rejoining the realm…

Still unreachable

The connection could not be restored.

Session expired

The server has moved on; the page needs a fresh start.